 Dungeon Crawl Stone Soup version 0.31-a0-128-g25add195a6 (webtiles) character file.

Game seed: 3513824714752157322

127467 Drazool the Marksspriggan (level 16, -1/89 HPs)
             Began as a Spriggan Hunter on June 1, 2023.
             Was the Champion of Fedhas.
             Killed from afar by a shock serpent (25 damage)
             ... with a bolt of electricity
             ... on level 3 of the Snake Pit.
             The game lasted 01:58:50 (34103 turns).

Drazool the Marksspriggan (Spriggan Hunter)        Turns: 34103, Time: 01:58:51

Health: -1/89      AC:  9    Str:  7    XL:     16   Next: 46%
Magic:  32/32      EV: 33    Int: 11    God:    Fedhas [******]
Gold:   2063       SH:  0    Dex: 24    Spells: 26/37 levels left

rFire   . . .        L - +4 orcbow (freeze)
rCold   . . .        (shield currently unavailable)
rNeg    . . .        X - +0 troll leather armour
rPois   +            (helmet restricted)
rElec   .            B - +2 cloak
rCorr   .            (gloves unavailable)
SInv    +            (boots unavailable)
Will    ++...        x - amulet of the acrobat
Stlth   ++++         P - ring of poison resistance
HPRegen 1.14/turn    E - +5 ring of evasion
MPRegen 0.23/turn

%: acrobat
@: unable to read, very quick
A: very small, no large weapons, unfitting armour, see invisible, speed 3,
iridescent scales 1, clumsy 1, robust 1, inability to read after injury 1
a: Renounce Religion, Wall of Briars, Grow Ballistomycete, Overgrow, Grow Oklob


You were on level 3 of the Snake Pit.
You worshipped Fedhas.
Fedhas was exalted by your worship.
You visited 5 branches of the dungeon, and saw 27 of its levels.
You also visited: Volcano.

You collected 2555 gold pieces.
You spent 492 gold pieces at shops.


Innate Abilities, Weirdness & Mutations

You are very small and have problems with some larger weapons.
You are too small for most types of armour.
You have supernaturally acute eyesight. (SInv)
You cover ground extremely quickly. (Speed+++)
You are partially covered in iridescent scales. (AC +2)
You are clumsy. (Dex -2)
You are robust. (+10% HP)
You occasionally lose the ability to read scrolls when taking damage.


   Skills:
 - Level 8.1 Fighting
 - Level 16.0 Ranged Weapons
 - Level 12.4 Dodging
 - Level 8.8 Stealth
 - Level 11.3 Spellcasting
 + Level 14.6 Hexes
 - Level 14.9 Invocations
 - Level 7.1 Evocations


You had 26 spell levels left.
You knew the following spells:

 Your Spells              Type           Power      Damage    Failure   Level
d - Tukima's Dance        Hex            38%        N/A       1%          3
D - Discord               Hex            19%        N/A       95%         8

Your spell library contained the following spells:

 Spells                   Type           Power      Damage    Failure   Level
 Ensorcelled Hibernation  Hex/Ice        44%        N/A       1%          2
 Portal Projectile        Hex/Tloc       44%        N/A       2%          3
 Anguish                  Hex/Necr       11%        N/A       9%          4
 Necrotise                Necr           24%        1d5       17%         1
 Sandblast                Erth           12%        2d6       17%         1
 Metabolic Englaciation   Hex/Ice        11%        N/A       24%         5
 Summon Mana Viper        Hex/Summ       22%        N/A       24%         5
 Cigotuvi's Dreadful Rot  Necr/Pois/Air  12%        N/A       26%         2
 Passwall                 Tmut/Erth      5%         N/A       26%         2
 Poisonous Vapours        Pois/Air       12%        N/A       26%         2
 Static Discharge         Conj/Air       12%        2-3/arc   26%         2
 Sublimation of Blood     Necr           6%         N/A       26%         2
 Wereblood                Tmut           6%         N/A       26%         2
 Hailstorm                Conj/Ice       6%         3d4       45%         3
 Ignite Poison            Fire/Tmut/Pois 6%         N/A       45%         3
 Mephitic Cloud           Conj/Pois/Air  6%         N/A       45%         3
 Ozocubu's Armour         Ice            6%         N/A       45%         3
 Spider Form              Tmut/Pois      6%         N/A       45%         3
 Stone Arrow              Conj/Erth      12%        3d7       45%         3
 Vampiric Draining        Necr           6%         2d6       45%         3
 Airstrike                Air            3%         2d(1-17)  86%         4
 Ice Form                 Ice/Tmut       6%         N/A       86%         4
 Olgreb's Toxic Radiance  Pois           6%         N/A       86%         4
 Sticky Flame             Conj/Fire      6%         2d3       86%         4
 Summon Lightning Spire   Summ/Air       6%         N/A       86%         4
 Agony                    Necr           6%         N/A       99%         5
 Blade Hands              Tmut           3%         N/A       99%         5
 Freezing Cloud           Conj/Ice/Air   3%         6-21      99%         5
 Irradiate                Conj/Tmut      3%         3d12      99%         5
 Summon Forest            Summ/Tloc      3%         N/A       99%         5
 Simulacrum               Ice/Necr       3%         N/A       100%        6
 Summon Cactus Giant      Summ           3%         N/A       100%        6
 Dragon Form              Tmut           3%         N/A       100%        7
 Ozocubu's Refrigeration  Ice            3%         4d8       100%        7
 Summon Hydra             Summ           3%         N/A       100%        7
 Ignition                 Fire           3%         3d4       100%        8

Inventory:

Hand Weapons
 a - a +0 heavy shortbow
 J - a +2 orcbow of flaming
 L - a +4 orcbow of freezing (weapon)
Missiles
 c - 3 throwing nets {=f}
Armour
 B - a +2 cloak (worn)
 N - a scarf of harm
 W - the +0 robe of the Five Knives {rElec}
   (You found it on level 12 of the Dungeon)

   rElec:     It insulates you from electricity.
 X - a +0 troll leather armour (worn)
Jewellery
 x - an amulet of the acrobat (around neck)
 E - a +5 ring of evasion (right hand)
 F - a ring of protection from fire
 H - an amulet of reflection
 M - a ring of magical power
 P - a ring of poison resistance (left hand)
 R - an amulet of magic regeneration
 T - a +4 ring of protection
 Z - a ring of wizardry
Wands
 j - a wand of roots (33)
 m - a wand of mindburst (13)
 u - a wand of flame (54)
 w - a wand of digging (6)
 K - a wand of charming (11)
 S - a wand of polymorph (6)
Scrolls
 b - 5 scrolls of butterflies
 f - 4 scrolls of teleportation {@r2}
 i - 2 scrolls of poison
 k - 4 scrolls of immolation
 p - 6 scrolls of fog
 t - a scroll of amnesia
 y - 2 scrolls of blinking
 D - 2 scrolls of fear
 O - a scroll of silence {!r}
 U - 2 scrolls of enchant armour
 V - 7 scrolls of identify {@r1}
 Y - a scroll of magic mapping
Potions
 d - 3 potions of lignification
 e - 10 potions of curing {@q1}
 g - a potion of invisibility
 h - a potion of cancellation
 l - 2 potions of brilliance
 n - 3 potions of resistance
 o - 8 potions of ambrosia
 q - 5 potions of might
 r - a potion of magic
 s - 5 potions of haste {@q3}
 v - 4 potions of attraction
 z - a potion of heal wounds {@q2}
 A - a potion of enlightenment
Miscellaneous
 G - a phantom mirror
 Q - a sack of spiders

Dungeon Overview and Level Annotations

Branches:
Dungeon (15/15) Temple (1/1) D:5 Lair (5/5) D:11 Swamp (0/4) Lair:2 Snake (4/4) Lair:2 Slime (0/5) Lair:4 Orc (2/2) D:9 Elf (0/3) Orc:2 Vaults (0/5) D:13 D:14 Depths (0/4) D:15 Volcano (visited)

Altars:
Ashenzari
Cheibriados
Dithmenos
Elyvilon
Fedhas
Gozag
Hepliaklqana
Kikubaaqudgha
Makhleb
Nemelex Xobeh
Okawaru
Qazlal
Ru
Sif Muna
Trog
Uskayaw
Vehumet
Wu Jian
Xom
Yredelemnul
Zin
The Shining One
Jiyva
Lugonu

Shops:
D:3 *   D:5 [   D:6 (   Orc:2 *?*([   Snake:3 :==

Portals:
Abyss: Lair:5

Annotations:
Lair:4 1 runed translucent door, 2 transporters
Snake:4 Aizul, Saint Roka

#.........)# #)#........##.....
##.########.####.#........#######
..[# #......)........####### ####
######.#........'......
#.#........####### #.##########
#...) #.# #.### #.# #.# #@#
##'### #S# ##..... #.# ##......
#.# #....... #.# #....... ###
##...... ##..... ##.... ##...


You could see a shock serpent (slow).


Message History

There is a stone staircase leading down here.
You shoot an arrow. The arrow hits the shock serpent!
The shock serpent seems to slow down.
The arrow freezes the shock serpent.
The shock serpent is heavily wounded.
The shock serpent's electric aura discharges, shocking you!
The shock serpent shoots out a bolt of lightning at you!
The bolt of electricity hits you!!
You shoot an arrow. The arrow hits the shock serpent!
The shock serpent seems to slow down.
The arrow freezes the shock serpent.
The shock serpent is severely wounded.
The shock serpent's electric aura discharges, shocking you!
* * * LOW HITPOINT WARNING * * *
The shock serpent shoots out a bolt of lightning at you!
The bolt of electricity hits you!
* * * LOW HITPOINT WARNING * * *
You shoot an arrow. The arrow hits the shock serpent!
The shock serpent seems to slow down.
The arrow freezes the shock serpent.
The shock serpent is almost dead.
The shock serpent's electric aura discharges, shocking you!
* * * LOW HITPOINT WARNING * * *
You shoot an arrow.
The arrow closely misses the shock serpent.
The shock serpent completely misses you.
You shoot an arrow.
The arrow barely misses the shock serpent.
The shock serpent shoots out a bolt of lightning at you!
The bolt of electricity hits you!!
You feel threatened and lose the ability to read scrolls!
You die...
Fedhas appreciates your contribution to the ecosystem.

Skill      XL: |  1  2  3  4  5  6  7  8  9 10 11 12 13 14 15 16 |
---------------+-------------------------------------------------+-----
Ranged Weapons | 5 6 7 9 11 14 15 16 | 16.0
Dodging        | 4 7 9 10 11 12 | 12.4
Stealth        | 8 |  8.8
Evocations     | 6 7 |  7.1
Hexes          | 11 12 14 | 14.6
Fighting       | 8 |  8.1
Invocations    | 3 11 14 | 14.9
Spellcasting   | 11 | 11.3

Action                     |  1- 3 |  4- 6 |  7- 9 | 10-12 | 13-15 | 16-18 || total
---------------------------+-------+-------+-------+-------+-------+-------++-------
   Fire: Shortbow          |   114 |   216 |   345 |   837 |  1120 |       ||  2632
         Orcbow            |       |       |       |       |  1084 |   384 ||  1468
   Cast: Tukima's Dance    |       |       |       |     7 |   153 |    24 ||   184
 Invoke: Wall of Briars    |       |       |       |     1 |    17 |     5 ||    23
         Grow Ballistomyce |       |       |       |       |     8 |       ||     8
         Overgrow          |       |       |       |       |     1 |       ||     1
         Grow Oklob        |       |       |       |       |     1 |     1 ||     2
  Evoke: Wand              |       |       |     3 |     8 |       |     1 ||    12
         Phantom mirror    |       |       |       |     1 |       |       ||     1
    Use: Scroll            |     1 |     5 |     4 |    10 |    10 |       ||    30
         Potion            |       |       |     1 |    11 |     1 |       ||    13
 Armour: Robe              |     6 |     2 |     9 |    41 |    30 |       ||    88
         Troll leather arm |       |       |       |       |    50 |     8 ||    58
  Dodge: Dodged            |    41 |    70 |   166 |   540 |   996 |    82 ||  1895
  Block: Other             |       |       |       |    61 |       |       ||    61

Levels and vault maps discovered:
D:1:      dpeg_arrival_ternary, layout_loops_corners
D:2:      layout_rooms, minmay_misc_feat_doors, minmay_surrounded
D:3:      layout_basic, mainiacjoe_overflow_small_starburst,
          basic_ecumenical_altar, serial_shops, nicolae_shop_peninsula,
          minmay_misc_feat_room, kennysheep_generic_room_11, uniq_robin
D:4:      layout_loops_ring, ashenzari_conservatory_becter, uniq_pikel,
          uniq_menkaure, uniq_blork_the_orc
D:5:      layout_cave_pools, mainiacjoe_overflow_six_doors_small,
          minmay_temple_entry_glass, serial_shops,
          nicolae_shop_advertising_works [nicolae_subvault_shop_adworks]
D:6:      layout_cave_pods, nicolae_tso_carved_into_rock, serial_shops,
          nicolae_shop_overgrown_old_shop, kennysheep_another_room,
          columned_hall_lemuel, kennysheep_potato
D:7:      corexii_shantytown, layout_rooms, serial_corexii_hall,
          chequers_hall_statues_y, chequers_hall_statues_wall_a
D:8:      layout_basic, mainiacjoe_overflow_cross_hatched
D:9:      layout_grid_maze, mainiacjoe_overflow_surrounded_room,
          nicolae_yredelemnul_corpse_copse, minmay_orc_entry_temple_small
D:10:     layout_loops_cross, general_overflow_altar,
          mainiacjoe_overflow_chevrons, jmf_multi_god_temple2,
          gammafunk_temple_overflow_claw, mainiacjoe_overflow_brackets,
          st_stairs_12
D:11:     layout_irregular_city, david_lair_shrubbed
D:12:     layout_grid_maze, special_room [special_room_orc], uniq_rupert,
          uniq_nessos
D:13:     layout_long_grid
D:14:     layout_loops_ring, david_vaults_3, nzn_hepliaklqana_mist_gate
D:15:     grunt_enter_depths_snipers, layout_gridville
Temple:   hellmonk_temple_divided_pantheon
Lair:1:   layout_hall_layers, basic_altar, serial_bayou_shore_b
Lair:2:   layout_hall_layers, nicolae_swamp_entry_spooky,
          minmay_snake_entry_six_corridors, lightli_volcano_entry_magma_tube,
          special_room [special_room_bee]
Lair:3:   gammafunk_worm_tunnel, layout_regular_city, basic_altar, uniq_amaemon
Lair:4:   layout_long_grid, slime_entry_2, nzn_ghost_randoct
Lair:5:   hellmonk_lair_end_abyssal_woods, layout_loops_ring,
          small_statue_intersection, serial_bayou_shore_a
Snake:1:  layout_gridlike, basic_altar
Snake:2:  layout_basic, grunt_megastairs_3
Snake:3:  layout_gridlike, minmay_shop_grove
Snake:4:  grunt_snake_rune_pools, layout_onion_interference, uniq_saint_roka,
          uniq_agnes, uniq_roxanne, uniq_aizul
Orc:1:    layout_caves
Orc:2:    grunt_orc_community_town_hall, layout_diamond_mine,
          grunt_orc_community_big_house_1, grunt_orc_community_big_house_2,
          grunt_orc_community_house_2, grunt_orc_community_house_1,
          grunt_orc_community_house_1, grunt_orc_community_house_3,
          serial_shops, shop, uniq_erolcha

Notes
Turn   | Place    | Note
-------+----------+-------------------------------------------
     0 | D:1      | Drazool the Spriggan Hunter began the quest for the Orb.
     0 | D:1      | Reached XP level 1. HP: 10/10 MP: 2/2
   202 | D:1      | Reached XP level 2. HP: 14/14 MP: 3/3
   429 | D:1      | Reached skill level 5 in Ranged Weapons
   429 | D:1      | Reached XP level 3. HP: 18/18 MP: 4/4
  1004 | D:1      | HP: 1/18 [poisoned by an adder]
  1276 | D:2      | Reached XP level 4. HP: 21/22 MP: 5/5
  1302 | D:2      | Reached skill level 6 in Ranged Weapons
  1467 | D:2      | Reached XP level 5. HP: 25/25 MP: 6/6
  1729 | D:3      | Noticed Robin
  1963 | D:3      | Killed Robin
  1964 | D:3      | Reached skill level 3 in Dodging
  2124 | D:3      | Found an ancient bone altar of Kikubaaqudgha.
  2222 | D:3      | Found a faded altar of an unknown god.
  2254 | D:3      | Found Liwaek's General Store.
  2370 | D:3      | Bought a scroll of identify for 22 gold pieces
  2372 | D:3      | Bought a scroll of identify for 22 gold pieces
  2601 | D:4      | Noticed a black bear
  2604 | D:4      | Noticed a phantom
  2605 | D:4      | Killed a black bear
  2606 | D:4      | Reached skill level 4 in Dodging
  2606 | D:4      | Reached XP level 6. HP: 30/30 MP: 7/7
  2644 | D:4      | Reached skill level 5 in Dodging
  2646 | D:4      | Reached skill level 6 in Dodging
  2725 | D:4      | Found a broken altar of Ashenzari.
  2999 | D:4      | Identified the +7 whip of Wyoxkiv {freeze, Will+ Int+3}
  3012 | D:4      | Noticed Blork the orc
  3045 | D:4      | Noticed Menkaure
  3176 | D:4      | Noticed Pikel
  3194 | D:4      | HP: 2/30 [Pikel/+1 whip of electrocution (10)]
  3704 | D:4      | Killed Menkaure
  3705 | D:4      | Reached skill level 7 in Dodging
  3705 | D:4      | Reached skill level 7 in Ranged Weapons
  3705 | D:4      | Reached XP level 7. HP: 33/33 MP: 8/8
  3747 | D:4      | Killed Blork the orc
  4017 | D:4      | Found a broken altar of Ashenzari.
  4119 | D:4      | Killed Pikel
  4120 | D:4      | Reached skill level 9 in Ranged Weapons
  4120 | D:4      | Reached XP level 8. HP: 37/37 MP: 9/9
  4495 | D:5      | Entered Level 5 of the Dungeon
  4545 | D:5      | Found a staircase to the Ecumenical Temple.
  4558 | Temple   | Entered the Ecumenical Temple
  4558 | Temple   | Found a transporter.
  4558 | Temple   | Found a transporter.
  4560 | Temple   | Found a transporter.
  4560 | Temple   | Found a transporter.
  4820 | D:5      | Reached skill level 10 in Ranged Weapons
  4967 | D:5      | Found a shimmering blue altar of Sif Muna.
  5035 | D:5      | Found Kaodal's Armour Shoppe.
  5238 | D:5      | Reached skill level 11 in Ranged Weapons
  5587 | D:6      | Found Uteweh's Antique Weapon Boutique.
  5671 | D:6      | Reached XP level 9. HP: 41/41 MP: 10/10
  5825 | D:6      | Found a glowing golden altar of the Shining One.
  6146 | D:6      | Reached skill level 12 in Ranged Weapons
  6480 | D:7      | Noticed a two-headed ogre
  6506 | D:7      | Killed a two-headed ogre
  6566 | D:7      | Reached skill level 13 in Ranged Weapons
  7635 | D:8      | Reached skill level 14 in Ranged Weapons
  7635 | D:8      | Reached XP level 10. HP: 46/46 MP: 11/11
  7713 | D:8      | Reached skill level 2 in Stealth
  7758 | D:8      | Found a stormy altar of Qazlal.
  7766 | D:8      | Reached skill level 1 in Evocations
  7897 | D:8      | Reached skill level 3 in Stealth
  7905 | D:8      | Reached skill level 2 in Evocations
  8249 | D:9      | Reached skill level 4 in Stealth
  8249 | D:9      | Reached skill level 3 in Evocations
  8300 | D:9      | Noticed a two-headed ogre
  8377 | D:9      | Noticed a cyan ugly thing
  8443 | D:9      | Killed a cyan ugly thing
  8444 | D:9      | Reached skill level 8 in Dodging
  8516 | D:9      | Reached skill level 5 in Stealth
  8735 | D:9      | Killed a two-headed ogre
  8736 | D:9      | Reached skill level 6 in Stealth
  8736 | D:9      | Reached skill level 4 in Evocations
  8830 | D:9      | Reached skill level 5 in Evocations
  8874 | D:9      | Reached skill level 9 in Dodging
  8892 | D:9      | Reached skill level 7 in Stealth
  8921 | D:9      | Found a staircase to the Orcish Mines.
  8923 | D:9      | Found an opulent altar of Gozag.
  9067 | D:9      | Reached skill level 6 in Evocations
  9289 | D:9      | Reached skill level 8 in Stealth
  9338 | D:9      | Found a basalt altar of Yredelemnul.
  9347 | D:9      | Reached XP level 11. HP: 42/49 MP: 12/12
  9382 | D:9      | Reached skill level 10 in Dodging
  9395 | D:9      | Reached skill level 7 in Evocations
  9584 | D:10     | Entered Level 10 of the Dungeon
  9665 | D:10     | Learned a level 3 spell: Tukima's Dance
  9894 | D:10     | Reached skill level 1 in Hexes
  9915 | D:10     | Found a radiant altar of Vehumet.
  9915 | D:10     | Found a hide-covered altar of Uskayaw.
  9915 | D:10     | Found a sacrificial altar of Ru.
 10020 | D:10     | Reached skill level 2 in Hexes
 10054 | D:10     | Reached skill level 3 in Hexes
 10222 | D:10     | Reached skill level 4 in Hexes
 10230 | D:10     | Noticed an ogre mage
 10230 | D:10     | Noticed a two-headed ogre
 10277 | D:10     | Killed a two-headed ogre
 10278 | D:10     | Reached skill level 5 in Hexes
 10293 | D:10     | Noticed a two-headed ogre
 10304 | D:10     | Killed an ogre mage
 10305 | D:10     | Reached skill level 6 in Hexes
 10338 | D:10     | Killed a two-headed ogre
 10339 | D:10     | Reached skill level 7 in Hexes
 10398 | D:10     | Found a sparkling altar of Nemelex Xobeh.
 10444 | D:10     | Noticed a two-headed ogre
 10473 | D:10     | Killed a two-headed ogre
 10474 | D:10     | Reached skill level 8 in Hexes
 10531 | D:10     | Found a large runed translucent door.
 10532 | D:10     | Found a large runed translucent door.
 10568 | D:10     | Found a bloodstained altar of Trog.
 10676 | D:10     | Found a blossoming altar of Fedhas.
 10678 | D:10     | Gained mutation: You have a somewhat thin skeletal
                  | structure. (Dex +2, Stealth+) [potion of mutation]
 10678 | D:10     | Gained mutation: Your magical capacity is low. (-10% MP)
                  | [potion of mutation]
 10678 | D:10     | Gained mutation: You sometimes lose your temper in combat.
                  | [potion of mutation]
 10678 | D:10     | Gained mutation: You are robust. (+10% HP) [potion of
                  | mutation]
 10679 | D:10     | Lost mutation: You have a somewhat thin skeletal structure.
                  | (Dex +2, Stealth+) [potion of mutation]
 10679 | D:10     | Lost mutation: Your magical capacity is low. (-10% MP)
                  | [potion of mutation]
 10679 | D:10     | Gained mutation: You are weak. (Str -2) [potion of
                  | mutation]
 10679 | D:10     | Gained mutation: You are partially covered in iridescent
                  | scales. (AC +2) [potion of mutation]
 10680 | D:10     | Lost mutation: You sometimes lose your temper in combat.
                  | [potion of mutation]
 10680 | D:10     | Lost mutation: You are weak. (Str -2) [potion of mutation]
 10680 | D:10     | Gained mutation: You occasionally lose the ability to read
                  | scrolls when taking damage. [potion of mutation]
 10680 | D:10     | Gained mutation: You are clumsy. (Dex -2) [potion of
                  | mutation]
 10722 | D:10     | Identified 2 potions of resistance
 10877 | D:11     | Reached skill level 9 in Hexes
 11167 | D:11     | You fall into a shaft and drop 2 floors!
 11425 | D:10     | Became a worshipper of Fedhas Madash
 11428 | D:11     | Found a staircase to the Lair.
 11437 | D:11     | Reached skill level 10 in Hexes
 11812 | Lair:1   | Entered Level 1 of the Lair of Beasts
 12025 | Lair:1   | Reached skill level 11 in Hexes
 12031 | Lair:1   | Reached XP level 12. HP: 58/58 MP: 13/13
 12219 | Lair:1   | Reached skill level 2 in Fighting
 12260 | D:11     | Reached * piety under Fedhas
 12614 | Lair:1   | Reached skill level 3 in Fighting
 12666 | Lair:1   | Found a white marble altar of Elyvilon.
 12961 | Lair:1   | Reached skill level 4 in Fighting
 13319 | Lair:2   | Reached skill level 5 in Fighting
 13382 | Lair:2   | Reached ** piety under Fedhas
 13530 | Lair:2   | Reached skill level 6 in Fighting
 13686 | Lair:2   | Found a dark tunnel.
 13694 | Volcano  | Entered a volcano
 13816 | Lair:2   | Reached skill level 7 in Fighting
 14189 | Lair:2   | Reached skill level 8 in Fighting
 14271 | Lair:2   | Noticed a six-headed hydra
 14299 | Lair:2   | Killed a six-headed hydra
 14300 | Lair:2   | Reached skill level 1 in Invocations
 14360 | Lair:2   | Reached skill level 2 in Invocations
 14387 | Lair:2   | Found a staircase to the Snake Pit.
 14403 | Lair:2   | Reached *** piety under Fedhas
 14532 | Lair:2   | Reached skill level 3 in Invocations
 14684 | Lair:2   | Reached XP level 13. HP: 74/74 MP: 16/16
 14878 | Lair:2   | Found a staircase to the Swamp.
 15133 | Lair:2   | Reached skill level 4 in Invocations
 15426 | Lair:3   | Noticed Amaemon
 15661 | Lair:3   | Reached skill level 5 in Invocations
 15759 | Lair:3   | Found a transporter.
 15885 | Lair:3   | Found a transporter.
 15912 | Lair:3   | Found a radiant altar of Vehumet.
 15950 | Lair:3   | Learned a level 8 spell: Discord
 16097 | Lair:3   | Killed Amaemon
 16098 | Lair:3   | Reached skill level 6 in Invocations
 16304 | Lair:4   | Reached **** piety under Fedhas
 16335 | Lair:4   | Found a runed translucent door.
 16338 | Lair:4   | Noticed an acid blob
 16339 | Lair:4   | Found a viscous altar of Jiyva.
 16339 | Lair:4   | Found a staircase to the Slime Pits.
 16339 | Lair:4   | Noticed an acid blob
 16717 | Lair:3   | Reached skill level 7 in Invocations
 16841 | Lair:4   | Reached skill level 8 in Invocations
 16961 | Lair:4   | Found a transporter.
 16966 | Lair:4   | Noticed Fagh's ghost (journeyman DsCK)
 17281 | Lair:4   | Found a transporter.
 17464 | Lair:4   | Reached skill level 9 in Invocations
 17497 | Lair:4   | Killed Fagh's ghost
 17585 | Lair:4   | Reached skill level 10 in Invocations
 17845 | Lair:5   | Entered Level 5 of the Lair of Beasts
 18306 | Lair:5   | Reached skill level 11 in Invocations
 18624 | Lair:5   | Reached XP level 14. HP: 80/80 MP: 19/23
 18646 | Lair:5   | Reached skill level 12 in Invocations
 19852 | Lair:5   | Reached skill level 13 in Invocations
 20431 | Lair:5   | Reached ***** piety under Fedhas
 20862 | Lair:5   | Found a corrupted altar of Lugonu.
 20862 | Lair:5   | Found a one-way gate to the infinite horrors of the Abyss.
 21137 | Orc:1    | Entered Level 1 of the Orcish Mines
 21404 | D:9      | Reached skill level 14 in Invocations
 21943 | Orc:2    | Entered Level 2 of the Orcish Mines
 21984 | Orc:2    | Noticed Erolcha
 22180 | Orc:2    | Noticed an orc warlord
 22738 | Orc:1    | Killed an orc warlord
 23139 | Orc:2    | Found a staircase to the Elven Halls.
 23223 | Orc:2    | Found Sunoh's Assorted Antiques.
 23247 | Orc:2    | Bought a scroll of identify for 44 gold pieces
 23259 | Orc:2    | Found Owat's Magic Scroll Boutique.
 23267 | Orc:2    | Bought a scroll of brand weapon for 152 gold pieces
 23267 | Orc:2    | Bought a scroll of enchant armour for 120 gold pieces
 23454 | Orc:2    | Killed Erolcha
 23750 | Orc:2    | Found Geqoan's Antique Weapon Boutique.
 23752 | Orc:2    | Found Ymasy's Antique Armour Shop.
 23940 | Orc:2    | Reached ****** piety under Fedhas
 23967 | Orc:2    | Found Nudom's Assorted Antiques.
 23972 | Orc:2    | Bought a scroll labelled FUECIT YCRAI for 36 gold pieces
 24017 | Orc:2    | Bought a scroll of identify for 32 gold pieces
 24017 | Orc:2    | Bought a scroll of fear for 64 gold pieces
 24212 | D:10     | Found a hazy altar of Hepliaklqana.
 24232 | D:10     | Found a snail-covered altar of Cheibriados.
 25225 | D:12     | Noticed Rupert
 25315 | D:12     | Killed Rupert
 25475 | D:12     | Identified the +0 robe of the Five Knives {rElec}
 25485 | D:12     | Noticed Nessos
 25499 | D:12     | Killed Nessos
 25908 | D:12     | Reached skill level 15 in Ranged Weapons
 26119 | D:13     | Reached XP level 15. HP: 84/84 MP: 27/27
 26924 | D:14     | Found a gate to the Vaults.
 27244 | D:14     | Reached skill level 16 in Ranged Weapons
 27400 | D:14     | Reached skill level 1 in Spellcasting
 27595 | D:13     | Reached skill level 2 in Spellcasting
 27631 | D:14     | Reached skill level 3 in Spellcasting
 27657 | D:14     | Found a hazy altar of Hepliaklqana.
 27853 | D:14     | Reached skill level 4 in Spellcasting
 27959 | D:14     | Reached skill level 5 in Spellcasting
 28197 | D:15     | Entered Level 15 of the Dungeon
 28354 | D:15     | Reached skill level 6 in Spellcasting
 28661 | D:15     | Reached skill level 7 in Spellcasting
 28902 | D:15     | Reached skill level 8 in Spellcasting
 29307 | D:15     | Found a staircase to the Depths.
 29398 | D:15     | Reached skill level 9 in Spellcasting
 29963 | Snake:1  | Entered Level 1 of the Snake Pit
 30192 | Snake:1  | Reached skill level 10 in Spellcasting
 30215 | Snake:1  | Found a radiant altar of Vehumet.
 30588 | Snake:1  | Reached skill level 11 in Spellcasting
 31186 | Snake:1  | Reached skill level 11 in Dodging
 31419 | Snake:1  | Reached skill level 12 in Hexes
 31477 | Snake:1  | Reached XP level 16. HP: 77/89 MP: 26/32
 32202 | Snake:2  | Reached skill level 12 in Dodging
 32826 | Snake:2  | Reached skill level 13 in Hexes
 33181 | Snake:3  | Found Ruqaufa Moal's Book Boutique.
 33181 | Snake:3  | Found Vudogaig's Jewellery Shoppe.
 33182 | Snake:3  | Found Seifiroa's Jewellery Shoppe.
 33410 | Snake:3  | Reached skill level 14 in Hexes
 34062 | Snake:4  | Entered Level 4 of the Snake Pit
 34062 | Snake:4  | Noticed Saint Roka
 34062 | Snake:4  | Noticed Aizul
 34103 | Snake:3  | Killed from afar by a shock serpent

Vanquished Creatures
  Rupert (D:12)
  A nagaraja (Snake:3)
  An orc warlord (Orc:1)
  The ghost of Fagh the Fighter, a journeyman DsCK of Xom (Lair:4)
  Nessos (D:12)
  Erolcha (Orc:2)
  A ghost crab (Lair:2)
  3 hydras
  A salamander tyrant (Snake:1)
  4 centaur warriors
  2 ogre magi
  5 anacondas
  9 two-headed ogres
  2 boulder beetles
  2 tengu warriors
  8 death yaks
  7 naga warriors
  4 thrashing horrors (Lair:5)
  An orc high priest (Orc:1)
  A shock serpent (Snake:2)
  8 naga sharpshooters
  2 skysharks
  A lindwurm (Lair:4)
  4 naga ritualists
  6 orc knights
  Pikel (D:4)
  A deep elf pyromancer (D:14)
  5 mana vipers
  3 orc sorcerers
  7 cyclopes
  10 ugly things
  8 salamanders
  A manticore (D:11)
  An elephant (Lair:4)
  A toenail golem (Lair:2)
  11 naga magi
  A torpor snail (Lair:5)
  An ice statue (Lair:4)
  A smoke demon (Lair:5)
  26 black mambas
  An orange demon (Lair:3)
  6 unseen horror zombies (D:9)
  An unseen horror (D:13)
  A gargoyle (D:10)
  13 cane toads
  8 komodo dragons
  5 yaktaurs (D:15)
  4 rime drakes
  A freezing wraith (D:15)
  A troll (shapeshifter) (Lair:5)
  An ancient zyme (Lair:5)
  A queen bee (Lair:2)
  5 trolls
  3 meliai (D:15)
  16 blink frogs (Lair:5)
  9 slime creatures
  A vampire (D:7)
  A ynoxinul (Lair:5)
  A jumping spider (shapeshifter) (D:14)
  A shadow (D:11)
  10 humans
  8 wyverns
  4 chaos spawn (Lair:5)
  60 yaks
  A spectral fire crab (Lair:2)
  7 vampire mosquitoes
  7 basilisks
  28 nagas
  21 water moccasins
  A warg (D:9)
  Menkaure (D:4)
  An acid dragon (D:12)
  40 orc warriors
  2 ice beasts (D:6)
  2 sky beasts
  5 black bears
  8 ogres
  13 wolves
  A large abomination (Lair:5)
  2 phantoms
  9 centaurs
  3 lemures
  A kobold brigand (D:10)
  Blork the orc (D:4)
  9 bullfrogs
  A gnoll sergeant (D:13)
  5 scorpions
  A spectral water moccasin (Lair:2)
  5 wights (D:10)
  31 killer bees
  2 howler monkeys (D:12)
  A centaur zombie (D:9)
  A jelly (D:5)
  23 orc priests
  2 gnoll boudas
  5 hounds
  A sleepcap (D:8)
  31 orc wizards
  4 iguanas
  10 small abominations (Lair:5)
  A killer bee zombie (D:9)
  A howler monkey zombie (D:9)
  Robin (D:3)
  27 gnolls
  6 adders
  2 ufetubi
  5 dart slugs
  A worm (D:2)
  99 orcs
  3 bats (D:1)
  13 endoplasms
  5 giant cockroaches
  20 goblins
  12 hobgoblins
  12 jackals
  16 kobolds
  3 quokkas
  6 ball pythons
  4 frilled lizards
  6 rats
846 creatures vanquished.

Vanquished Creatures (collateral kills)
  A two-headed ogre (D:14)
  2 tengu warriors (D:15)
  Amaemon (Lair:3)
  A guardian serpent (Snake:2)
  2 cane toads
  A yaktaur (D:15)
  6 humans (D:14)
  3 yaks
  A water moccasin (Lair:4)
  3 orc warriors
  An ogre (Orc:2)
  A centaur (D:11)
  3 bullfrogs (Lair:4)
  An orc priest (Orc:2)
  6 orcs
  32 ballistomycete spores
65 creatures vanquished.

Vanquished Creatures (others)
  A yak (Lair:2)
  34 dancing weapons
  A ballistomycete spore (Lair:5)
36 creatures vanquished.

Grand Total: 947 creatures vanquished

Table legend: (Time is in decaauts)
 A = Elapsed time spent in this place.
 B = Non-inter-level travel time spent in this place.
 C = Inter-level travel time spent in this place.
 D = Time resting spent in this place.
 E = Time spent auto-exploring this place.
 F = Levels seen in this place.
 G = Mean time per level.
                   A        B        C        D        E       F      G
               +--------+--------+--------+--------+--------+-----+--------+
         Total |  25581 |  24028 |   1553 |   3759 |  12993 |  28 |  913.6 |
       Dungeon |  13314 |  12476 |    838 |   1352 |   7683 |  15 |  887.6 |
        Temple |     23 |     18 |      5 |      0 |      4 |   1 |   23.0 |
          Lair |   6998 |   6550 |    448 |   1259 |   2981 |   5 | 1399.6 |
     Snake Pit |   3032 |   2880 |    152 |    522 |   1505 |   4 |  758.0 |
  Orcish Mines |   2205 |   2097 |    108 |    625 |    817 |   2 | 1102.5 |
       Volcano |      7 |      7 |      0 |      0 |      0 |   1 |    7.0 |
               +--------+--------+--------+--------+--------+-----+--------+

Top non-repeatable levels by time:
  Lair:5: 2344 daAuts
  Lair:2: 1483 daAuts
     D:9: 1391 daAuts
  Lair:4: 1330 daAuts
 Snake:1: 1234 daAuts
   Orc:1: 1216 daAuts
    D:15: 1204 daAuts
     D:4: 1194 daAuts
    D:10: 1190 daAuts
    D:12: 1144 daAuts
  Lair:1: 1069 daAuts
 Snake:2: 1048 daAuts
    D:13: 1029 daAuts
   Orc:2: 988 daAuts
    D:11: 909 daAuts

Table legend:
 A = Non-vault XP
 B = Vault XP
 C = Vault XP percentage of total XP
 D = Non-vault monster count
 E = Vault monster count
 F = Vault count percentage of total count
                 A         B        C        D         E       F
            +---------+---------+-------+---------+---------+-------
      Total |  132210 |   49887 |  27.4 |     584 |     292 |  33.3
            +---------+---------+-------+---------+---------+-------
        D:1 |      71 |       0 |   0.0 |      23 |       0 |   0.0
        D:2 |     128 |      10 |   7.2 |      21 |       5 |  19.2
        D:3 |      74 |      27 |  26.7 |      17 |       7 |  29.2
        D:4 |     430 |     882 |  67.2 |      29 |       3 |   9.4
        D:5 |     911 |       0 |   0.0 |      25 |       0 |   0.0
        D:6 |     544 |     268 |  33.0 |      15 |       3 |  16.7
        D:7 |    1852 |     105 |   5.4 |      17 |      28 |  62.2
        D:8 |    1412 |       0 |   0.0 |      21 |       0 |   0.0
        D:9 |    4188 |    2518 |  37.5 |      23 |      15 |  39.5
       D:10 |    5357 |    1138 |  17.5 |      20 |       3 |  13.0
       D:11 |    1757 |     350 |  16.6 |      11 |       1 |   8.3
       D:12 |    3712 |    4195 |  53.1 |      14 |      28 |  66.7
       D:13 |    7686 |    1037 |  11.9 |      24 |       3 |  11.1
       D:14 |    6856 |    5097 |  42.6 |      26 |      17 |  39.5
       D:15 |   11921 |    1613 |  11.9 |      33 |       2 |   5.7
     Lair:1 |    6855 |     404 |   5.6 |      27 |       5 |  15.6
     Lair:2 |    7642 |    4558 |  37.4 |      30 |      35 |  53.8
     Lair:3 |    3620 |    1182 |  24.6 |      12 |       2 |  14.3
     Lair:4 |    7256 |    5177 |  41.6 |      20 |      18 |  47.4
     Lair:5 |   12486 |   11917 |  48.8 |      40 |      42 |  51.2
    Snake:1 |   19227 |       0 |   0.0 |      36 |       0 |   0.0
    Snake:2 |   10985 |    3614 |  24.8 |      24 |       9 |  27.3
    Snake:3 |   13445 |       0 |   0.0 |      30 |       0 |   0.0
      Orc:1 |    2453 |    3021 |  55.2 |      30 |      10 |  25.0
      Orc:2 |    1342 |    2774 |  67.4 |      16 |      56 |  77.8
            +---------+---------+-------+---------+---------+-------
